cohdb
Replays
Latest Replays
All Replays
Popular Replays
Top Player Replays
Match Explorer
How It Works
Community
CoH3 Stats
Reddit
Sign in to upload your games and track your stats! →
Sign in with Steam
Match 46073218
Unlisted
Match 46073218
Overview
Messages
Build Orders
End
Kradschützen Motorcycle Team
Panzergrenadier Squad
Panzergrenadier Squad
Construct Light Support Kompanie
MG34 Team
2.5-tonne Medical Truck
Fire Support Elements
Assault Mechanized Group
Assault Grenadier Squad
Panzerjäger Squad
Selects Italian Infantry
Selects Guastatori Squad
Panzerjäger Squad
Guastatori Squad
Construct Mechanized Kompanie
Selects Defensive Operations
jonafrag
R_O_N_I_N_93
Esxile
pineapple the fruit dude
0
0
Comments
sign in to comment!
No comments posted yet!